 Dungeon Crawl Stone Soup version 0.21.0-24-g2553a33 (webtiles) character file.

1947 tidbits the Sneak (level 9, 65/65 HPs)
             Began as a Gnoll Enchanter on Jan 21, 2018.
             Quit the game on level 7 of the Dungeon.
             The game lasted 00:18:33 (2519 turns).

tidbits the Sneak (Gnoll Enchanter)                 Turns: 2519, Time: 00:18:34

Health: 65/65      AC:  8    Str: 11    XL:     9   Next: 18%
Magic:  18/18      EV: 14    Int: 20    God:
Gold:   207        SH:  6    Dex: 16    Spells: 11/20 levels left

rFire    + . .     SeeInvis .   a - +1 dagger
rCold    + + .     Gourm    .   D - +1 buckler
rNeg     . . .     Faith    .   B - +3 ring mail {rF+}
rPois    .         Spirit   .   (no helmet)
rElec    .         Reflect  .   (no cloak)
rCorr    .         Harm     .   (no gloves)
MR       .....     Rnd*Rage +   (no boots)
Stlth    +++.......             (no amulet)
HPRegen  0.20/turn              N - ring of protection from cold
MPRegen  0.16/turn              (no ring)

@: no status effects
A: distributed training, fangs 1, berserk 1, cold resistance 1, strong nose
a: no special abilities


You were on level 7 of the Dungeon.
You were very full.

You visited 1 branch of the dungeon, and saw 8 of its levels.

You collected 207 gold pieces.

Inventory:

Hand Weapons
 a - a +1 dagger (weapon)
 p - a +0 flail
 s - a +0 war axe
 w - a +1 rapier of venom
   (You found it on level 6 of the Dungeon)
 z - the +11 long sword "Juxetige" {slice, +Rage MR+ Str-5}
   (You found it on level 5 of the Dungeon)

   It inflicts extra damage upon your enemies.
   It affects your strength (-5).
   It affects your resistance to hostile enchantments.
   It lets you go berserk.
 E - the +5 quarterstaff of Qazlal's Whim {protect, rC+, unknown}
   (You found it on level 6 of the Dungeon)

   It protects the one who uses it against injury (+AC on strike).
   It protects you from cold.
 F - a +1 spear of freezing
   (You found it on level 5 of the Dungeon)
 H - a +4 rapier
 J - a +0 shortbow
 L - a +0 blowgun
Missiles
 k - 142 arrows
 o - 22 sling bullets
 u - 4 tomahawks (quivered)
 K - 6 curare-tipped needles
Armour
 b - a +0 robe
 l - a +0 ring mail
 q - a +0 scale mail
 B - a +3 ring mail of fire resistance (worn)
   (You took it off Duvessa on level 7 of the Dungeon)
 D - a +1 buckler (worn)
 R - a +4 scale mail of cold resistance
   (You took it off an orc on level 7 of the Dungeon)
 S - a +2 leather armour of cold resistance
   (You took it off an orc priest on level 7 of the Dungeon)
Jewellery
 N - a ring of protection from cold (left hand)
   (You found it on level 5 of the Dungeon)
Wands
 y - a wand of flame (11)
 Q - a wand of polymorph (7)
Scrolls
 e - 4 scrolls of noise
 f - 6 scrolls of teleportation
 m - a scroll of blinking
 n - 2 scrolls of enchant weapon
 r - 3 scrolls of remove curse
 A - 3 scrolls of fear
 O - a scroll of fog
Potions
 g - 2 potions of curing
 h - 2 potions of degeneration {unknown}
 i - a potion of agility {unknown}
 j - a potion of flight {unknown}
 t - a potion of lignification {unknown}
 v - a potion of heal wounds {unknown}
 x - a potion of resistance {unknown}
 C - a potion of brilliance
 G - 2 potions of invisibility {unknown}
Books
 c - a book of Maledictions

   Spells                             Type                      Level
   a - Corona                         Hexes                        1
   b - Ensorcelled Hibernation        Hexes/Ice                    2
   c - Confuse                        Hexes                        3
   d - Tukima's Dance                 Hexes                        3
   e - Dazzling Spray                 Conjuration/Hexes            3
Comestibles
 d - 13 rations


   Skills:
 + Level 3.9 Fighting
 + Level 4.7 Short Blades
 + Level 3.9 Long Blades
 + Level 3.9 Axes
 + Level 3.9 Maces & Flails
 + Level 3.9 Polearms
 + Level 3.9 Staves
 + Level 3.9 Slings
 + Level 3.9 Bows
 + Level 3.9 Crossbows
 + Level 3.9 Throwing
 + Level 3.9 Armour
 + Level 6.1 Dodging
 + Level 7.2 Stealth
 + Level 3.9 Shields
 + Level 3.9 Unarmed Combat
 + Level 6.4 Spellcasting
 + Level 3.2 Conjurations
 + Level 6.4 Hexes
 + Level 3.2 Charms
 + Level 3.2 Summonings
 + Level 3.2 Necromancy
 + Level 3.2 Translocations
 + Level 3.2 Transmutations
 + Level 3.2 Fire Magic
 + Level 3.2 Ice Magic
 + Level 3.2 Air Magic
 + Level 3.2 Earth Magic
 + Level 3.2 Poison Magic
 + Level 4.3 Invocations
 + Level 3.9 Evocations


You had 11 spell levels left.
You knew the following spells:

 Your Spells              Type           Power        Failure   Level  Hunger
a - Corona                Hex            ####...      1%          1    None
c - Confuse               Hex            ####....     4%          3    ##.....
d - Dazzling Spray        Conj/Hex       ####..       10%         3    ##.....
e - Ensorcelled Hibernat  Hex/Ice        ####..       4%          2    None


Dungeon Overview and Level Annotations

Branches:
Dungeon (8/15)
 Temple: D:4-7         Lair: D:8-11

Altars:
Fedhas
Gozag
Makhleb
Vehumet


Innate Abilities, Weirdness & Mutations

Your experience applies equally to all skills.
You have very sharp teeth.
Your uncanny sense of smell can sniff out nearby items.
You tend to lose your temper in combat.
Your flesh is cold resistant. (rC+)


Message History

m - 3 scrolls of remove curse (gained 1) Adjust (i)tems, (s)pells, or (a)bilities?
Adjust which item? (? for menu, Esc to quit)
m - 3 scrolls of remove curse Adjust to which letter? (? for menu, Esc to quit)
r - 3 scrolls of remove curse;
m - a scroll of blinking
Things that are here:
a dagger; a robe; the elf corpse of Dowan
Items here: )) [[[[ †
Okay, then.
Items here: (( )) [[ †
K - 6 curare-tipped needles (gained 1);
u - 4 tomahawks (gained 1)
S - a runed ring mail
Okay, then.
Okay, then.
Wear which item? (? for menu, Esc to quit)
You start removing your armour.
You continue taking off your +2 leather armour of cold resistance. x4
You finish taking off your +2 leather armour of cold resistance.
You feel less resistant to cold.
You start putting on your armour.
You continue putting on your runed ring mail. x5
You finish putting on your +3 ring mail of fire resistance.
You feel resistant to fire.
Adjust (i)tems, (s)pells, or (a)bilities?
Adjust which item? (? for menu, Esc to quit)
S - a +3 ring mail of fire resistance (worn)
Adjust to which letter? (? for menu, Esc to quit)
B - a +3 ring mail of fire resistance (worn)
S - a +2 leather armour of cold resistance Wear which item? (? for menu, Esc to quit)
You start putting on your armour.
You continue putting on your buckler. x4
You finish putting on your +0 buckler.
Adjust (i)tems, (s)pells, or (a)bilities?
Adjust which item? (? for menu, Esc to quit)
w - a +0 buckler (worn)
Adjust to which letter? (? for menu, Esc to quit)
D - a +0 buckler (worn);
w - a +1 dagger
As you read the scroll labeled XIUCWI DESHIMP, it crumbles to dust.
You hear whistling wind.
It was a scroll of random uselessness.
As you read the scroll of identify, it crumbles to dust.
M - a potion of mutation Really quaff
M - a potion of mutation {!q}?
You feel extremely strange.
You feel resistant to cold.
You feel a little pissed off.
You feel weaker.
You feel stronger.
Found 29 sling bullets.
A hound zombie comes into view.
There is an open door here.
Casting: Ensorcelled Hibernation
Confirm with . or Enter, or press ? or * to list all spells.
Aiming: Confuse
Press: ? - help, Shift-Dir - straight line, f - hound zombie
Aim: a hound zombie (chance to defeat MR: 73%)
The hound zombie appears confused.
You hit the hound zombie. You bite the hound zombie.
The hound zombie is lightly damaged.
You catch the helpless hound zombie completely off-guard!
You puncture the hound zombie!
The hound zombie is severely damaged.
You hit the hound zombie.
The hound zombie is severely damaged.
You hit the hound zombie.
The hound zombie is severely damaged.
You puncture the hound zombie!
You destroy the hound zombie!
No target in view!
Wield which item (- for none, * to show all)? (? for menu, Esc to quit)
Your +1 rapier of venom stops dripping with poison.
H - a +4 rapier (weapon)
Wield which item (- for none, * to show all)? (? for menu, Esc to quit)
w - a +1 dagger (weapon)
Adjust (i)tems, (s)pells, or (a)bilities?
Adjust which item? (? for menu, Esc to quit)
w - a +1 dagger (weapon)
Adjust to which letter? (? for menu, Esc to quit)
a - a +1 dagger (weapon);
w - a +1 rapier of venom Adjust (i)tems, (s)pells, or (a)bilities?
Adjust which item? (? for menu, Esc to quit)
Okay, then.
You open the door.
There is an open door here.
You open the door.
There is an open door here.
Found a stone staircase leading down.
As you open the door, it creaks loudly!
Found a ring mail.
There is an open door here.
Found a scroll labeled EHOQIN DEPRA.
You see here a scroll labeled EHOQIN DEPRA.
As you read the scroll labeled EHOQIN DEPRA, it crumbles to dust.
It is a scroll of enchant armour.
Your +0 buckler glows green for a moment.
Found a scroll of teleportation.
Unknown command.
You see here a scroll of teleportation.
f - 6 scrolls of teleportation (gained 1) Are you sure you want to abandon this character and quit the game? (Confirm with "yes".)

#######.................#........
#...................###.#........
#.........#.........# #.###......
#.........#.........# #.# #......
#.........#.........# #.# #......
###########.........# .# #......
########### #...... #########.
#...... #.@....... #......
#.######## #.#...# #.# #.#..##
#.# #.#.... #.# #.#.##. #.#
#.#.##. #.# #.#.##.
#.###########......
#...............###


There were no monsters in sight!

Vanquished Creatures
  A two-headed ogre (D:6)
  Duvessa (D:7)
  2 ice beasts
  A phantom (D:6)
  A black bear (D:5)
  A centaur (D:6)
  Dowan (D:7)
  A scorpion (D:6)
  A howler monkey (D:7)
  A bullfrog zombie (D:6)
  A hound (D:7)
  2 orc wizards (D:7)
  A bullfrog skeleton (D:6)
  2 orc priests (D:7)
  Natasha (D:4)
  2 iguanas (D:4)
  Terence (D:3)
  4 worker ants
  A hound zombie (D:7)
  A hound skeleton (D:4)
  A worker ant zombie (D:7)
  4 adders
  3 gnolls (D:6)
  A shadow imp (D:5)
  2 oozes (D:1)
  An adder skeleton (D:4)
  2 worms
  A leopard gecko (D:4)
  20 orcs
  4 bats (D:1)
  2 giant cockroaches
  9 goblins
  9 hobgoblins
  11 jackals
  6 frilled lizards
  9 kobolds
  A rat (D:3)
113 creatures vanquished.

Notes
Turn   | Place    | Note
-------+----------+-------------------------------------------
     0 | D:1      | tidbits the Gnoll Enchanter began the quest for the Orb.
     0 | D:1      | Reached XP level 1. HP: 13/13 MP: 6/6
    89 | D:1      | Reached XP level 2. HP: 16/19 MP: 7/7
    93 | D:1      | Learned a level 2 spell: Ensorcelled Hibernation
   235 | D:1      | Reached skill level 5 in Spellcasting
   235 | D:1      | Reached XP level 3. HP: 24/25 MP: 2/9
   295 | D:1      | Reached skill level 6 in Stealth
   394 | D:4      | Reached skill level 1 in Invocations
   457 | D:4      | Reached skill level 1 in Fighting
   457 | D:4      | Reached skill level 1 in Long Blades
   457 | D:4      | Reached skill level 1 in Axes
   457 | D:4      | Reached skill level 1 in Maces & Flails
   457 | D:4      | Reached skill level 1 in Polearms
   457 | D:4      | Reached skill level 1 in Staves
   457 | D:4      | Reached skill level 1 in Slings
   457 | D:4      | Reached skill level 1 in Bows
   457 | D:4      | Reached skill level 1 in Crossbows
   457 | D:4      | Reached skill level 1 in Throwing
   457 | D:4      | Reached skill level 1 in Armour
   457 | D:4      | Reached skill level 1 in Shields
   457 | D:4      | Reached skill level 1 in Unarmed Combat
   457 | D:4      | Reached skill level 1 in Evocations
   457 | D:4      | Reached XP level 4. HP: 32/32 MP: 11/11
   479 | D:3      | Learned a level 3 spell: Confuse
   483 | D:3      | Learned a level 3 spell: Dazzling Spray
   523 | D:3      | HP: 2/32 [jackal (3)]
   572 | D:3      | Noticed Terence
   583 | D:3      | Killed Terence
   583 | D:3      | Reached skill level 1 in Conjurations
   583 | D:3      | Reached skill level 1 in Charms
   583 | D:3      | Reached skill level 1 in Summonings
   583 | D:3      | Reached skill level 1 in Necromancy
   583 | D:3      | Reached skill level 1 in Translocations
   583 | D:3      | Reached skill level 1 in Transmutations
   583 | D:3      | Reached skill level 1 in Fire Magic
   583 | D:3      | Reached skill level 1 in Ice Magic
   583 | D:3      | Reached skill level 1 in Air Magic
   583 | D:3      | Reached skill level 1 in Earth Magic
   583 | D:3      | Reached skill level 1 in Poison Magic
   583 | D:3      | Reached XP level 5. HP: 16/37 MP: 2/12
   924 | D:4      | Reached skill level 3 in Short Blades
  1025 | D:4      | Noticed Natasha
  1030 | D:4      | Killed Natasha
  1030 | D:4      | Reached XP level 6. HP: 44/44 MP: 13/13
  1102 | D:5      | Entered Level 5 of the Dungeon
  1106 | D:5      | Got a jewelled long sword
  1107 | D:5      | Identified the +11 long sword "Juxetige" {slice, +Rage MR+ Str-5} (You found it on level 5 of the Dungeon)
  1121 | D:5      | Found a radiant altar of Vehumet.
  1124 | D:5      | Found a burning altar of Makhleb.
  1127 | D:5      | Reached skill level 2 in Invocations
  1132 | D:5      | Found a blossoming altar of Fedhas.
  1136 | D:5      | Found an opulent altar of Gozag.
  1247 | D:5      | Noticed an ice beast
  1271 | D:5      | Killed an ice beast
  1271 | D:5      | Reached skill level 2 in Fighting
  1271 | D:5      | Reached skill level 2 in Long Blades
  1271 | D:5      | Reached skill level 2 in Axes
  1271 | D:5      | Reached skill level 2 in Maces & Flails
  1271 | D:5      | Reached skill level 2 in Polearms
  1271 | D:5      | Reached skill level 2 in Staves
  1271 | D:5      | Reached skill level 2 in Slings
  1271 | D:5      | Reached skill level 2 in Bows
  1271 | D:5      | Reached skill level 2 in Crossbows
  1271 | D:5      | Reached skill level 2 in Throwing
  1271 | D:5      | Reached skill level 2 in Armour
  1271 | D:5      | Reached skill level 5 in Dodging
  1271 | D:5      | Reached skill level 2 in Shields
  1271 | D:5      | Reached skill level 2 in Unarmed Combat
  1271 | D:5      | Reached skill level 2 in Evocations
  1499 | D:6      | Noticed a phantom
  1565 | D:6      | Killed a phantom
  1565 | D:6      | Reached XP level 7. HP: 34/50 MP: 10/15
  1610 | D:6      | Got a dazzling quarterstaff
  1630 | D:7      | Reached skill level 2 in Conjurations
  1630 | D:7      | Reached skill level 2 in Charms
  1630 | D:7      | Reached skill level 2 in Summonings
  1630 | D:7      | Reached skill level 2 in Necromancy
  1630 | D:7      | Reached skill level 2 in Translocations
  1630 | D:7      | Reached skill level 2 in Transmutations
  1630 | D:7      | Reached skill level 2 in Fire Magic
  1630 | D:7      | Reached skill level 2 in Ice Magic
  1630 | D:7      | Reached skill level 2 in Air Magic
  1630 | D:7      | Reached skill level 2 in Earth Magic
  1630 | D:7      | Reached skill level 2 in Poison Magic
  1687 | D:6      | Noticed a two-headed ogre
  1695 | D:6      | Killed a two-headed ogre
  1695 | D:6      | Reached skill level 3 in Fighting
  1695 | D:6      | Reached skill level 4 in Short Blades
  1695 | D:6      | Reached skill level 3 in Long Blades
  1695 | D:6      | Reached skill level 3 in Axes
  1695 | D:6      | Reached skill level 3 in Maces & Flails
  1695 | D:6      | Reached skill level 3 in Polearms
  1695 | D:6      | Reached skill level 3 in Staves
  1695 | D:6      | Reached skill level 3 in Slings
  1695 | D:6      | Reached skill level 3 in Bows
  1695 | D:6      | Reached skill level 3 in Crossbows
  1695 | D:6      | Reached skill level 3 in Throwing
  1695 | D:6      | Reached skill level 3 in Armour
  1695 | D:6      | Reached skill level 3 in Shields
  1695 | D:6      | Reached skill level 3 in Unarmed Combat
  1695 | D:6      | Reached skill level 6 in Spellcasting
  1695 | D:6      | Reached skill level 6 in Hexes
  1695 | D:6      | Reached skill level 3 in Invocations
  1695 | D:6      | Reached skill level 3 in Evocations
  1695 | D:6      | Reached XP level 8. HP: 38/58 MP: 13/17
  1925 | D:6      | Reached skill level 7 in Stealth
  2136 | D:5      | Reached skill level 3 in Conjurations
  2136 | D:5      | Reached skill level 3 in Charms
  2136 | D:5      | Reached skill level 3 in Summonings
  2136 | D:5      | Reached skill level 3 in Necromancy
  2136 | D:5      | Reached skill level 3 in Translocations
  2136 | D:5      | Reached skill level 3 in Transmutations
  2136 | D:5      | Reached skill level 3 in Fire Magic
  2136 | D:5      | Reached skill level 3 in Ice Magic
  2136 | D:5      | Reached skill level 3 in Air Magic
  2136 | D:5      | Reached skill level 3 in Earth Magic
  2136 | D:5      | Reached skill level 3 in Poison Magic
  2136 | D:5      | Reached skill level 4 in Invocations
  2241 | D:7      | Reached skill level 6 in Dodging
  2241 | D:7      | Reached XP level 9. HP: 65/65 MP: 7/18
  2323 | D:7      | Noticed Duvessa
  2323 | D:7      | Noticed Dowan
  2344 | D:7      | Killed Duvessa
  2346 | D:7      | Killed Dowan
  2397 | D:7      | Gained mutation: Your flesh is cold resistant. (rC+) [potion of mutation]
  2397 | D:7      | Gained mutation: You tend to lose your temper in combat. [potion of mutation]
  2397 | D:7      | Gained mutation: You are weak. (Str -2) [potion of mutation]
  2397 | D:7      | Lost mutation: You are weak. (Str -2) [potion of mutation]
  2519 | D:7      | Quit the game

Skill      XL: |  1  2  3  4  5  6  7  8 |
---------------+-------------------------+-----
Spellcasting   | 5 6 |  6.4
Stealth        | 6 7 |  7.2
Invocations    | 1 2 3 4 |  4.3
Fighting       | 1 2 3 |  3.9
Long Blades    | 1 2 3 |  3.9
Axes           | 1 2 3 |  3.9
Maces & Flails | 1 2 3 |  3.9
Polearms       | 1 2 3 |  3.9
Staves         | 1 2 3 |  3.9
Slings         | 1 2 3 |  3.9
Bows           | 1 2 3 |  3.9
Crossbows      | 1 2 3 |  3.9
Throwing       | 1 2 3 |  3.9
Armour         | 1 2 3 |  3.9
Shields        | 1 2 3 |  3.9
Unarmed Combat | 1 2 3 |  3.9
Evocations     | 1 2 3 |  3.9
Conjurations   | 1 2 3 |  3.2
Charms         | 1 2 3 |  3.2
Summonings     | 1 2 3 |  3.2
Necromancy     | 1 2 3 |  3.2
Translocations | 1 2 3 |  3.2
Transmutations | 1 2 3 |  3.2
Fire Magic     | 1 2 3 |  3.2
Ice Magic      | 1 2 3 |  3.2
Air Magic      | 1 2 3 |  3.2
Earth Magic    | 1 2 3 |  3.2
Poison Magic   | 1 2 3 |  3.2
Short Blades   | 3 4 |  4.7
Dodging        | 5 6 |  6.1
Hexes          | 6 |  6.4

Action                   |  1- 3 |  4- 6 |  7- 9 || total
-------------------------+-------+-------+-------++-------
Melee: Dagger            |    49 |    76 |    69 ||   194
       Bite              |     4 |     7 |    11 ||    22
       Rapier            |       |       |    37 ||    37
       Punch             |       |       |     2 ||     2
 Fire: Blowgun           |       |       |     1 ||     1
 Cast: Corona            |    12 |     6 |       ||    18
       Ensorcelled Hiber |     4 |    24 |    21 ||    49
       Confuse           |       |     3 |    13 ||    16
       Dazzling Spray    |       |     1 |     5 ||     6
  Use: Potion            |       |     1 |     2 ||     3
       Scroll            |       |     6 |     5 ||    11
 Stab: Sleeping          |    14 |    27 |    26 ||    67
       Confused          |       |     4 |     9 ||    13
       Invisible         |       |       |     2 ||     2
  Eat: Ration            |       |     1 |     3 ||     4
Armor: Robe              |     3 |     7 |     2 ||    12
       Leather armour    |       |       |    12 ||    12
Dodge: Dodged            |    32 |    45 |    83 ||   160

Table legend:
 A = Turns spent in this place as a percentage of turns spent in the entire game.
 B = Non-inter-level travel turns spent in this place as a percentage of non-inter-level travel turns spent in the entire game.
 C = Inter-level travel turns spent in this place as a percentage of turns spent in this place.
 D = Turns resting spent in this place as a percentage of non-inter-level travel turns spent in this place.
 E = Turns spent auto-exploring this place as a percentage of non-inter-level travel turns spent in this place.
 F = Non-inter-level travel turns spent in this place divided by the number of levels of this place that you've seen.
                   A       B       C       D       E      F
               +-------+-------+-------+-------+-------+----------------------
         Total | 100.0 | 100.0 |   3.5 |   0.0 |   0.0 | 303.9
       Dungeon | 100.0 | 100.0 |   3.5 |   0.0 |   0.0 | 303.9
               +-------+-------+-------+-------+-------+----------------------

Table legend:
 A = Kills in this place as a percentage of kills in entire the game.
 B = Kills by you in this place as a percentage of kills by you in the entire game.
 C = Kills by friends in this place as a percentage of kills by friends in the entire game.
 D = Other kills in this place as a percentage of other kills in the entire game.
 E = Experience gained in this place as a percentage of experience gained in the entire game.
 F = Experience gained in this place divided by the number of levels of this place that you have seen.
                   A       B       C       D       E      F
               +-------+-------+-------+-------+-------+----------------------
         Total | 100.0 | 100.0 |   N/A |   N/A | 100.0 | 347.8
       Dungeon | 100.0 | 100.0 |   N/A |   N/A | 100.0 | 347.8
               +-------+-------+-------+-------+-------+----------------------

Vault maps used:
D:1:      minmay_arrival_split_and_join
D:2:      nrook_mini_backslash
D:3:      minmay_liquid_box, uniq_terence
D:4:      wad_river_or_something, first_ration, minmay_misc_feat_room,
          uniq_natasha
D:5:      grunt_temple_overflow_cloverleaf
D:6:      corexii_shantytown, temple_statues
D:7:      uniq_duvessa
D:8:      minmay_weird_star, uniq_pikel, uniq_gastronok, uniq_joseph
